 Dungeon Crawl Stone Soup version 0.30-a0-378-g86d51d8b50 (webtiles) character file.

Game seed: 16654194098540970348

15106 MrRokkomies the Basher (level 12, -2/112 HPs)
             Began as a Meteoran Cinder Acolyte on Dec 1, 2022.
             Was an Initiate of Ignis.
             Slain by a large abomination (9 damage)
             ... on level 2 of the Abyss.
             The game lasted 00:34:47 (6088 turns).

MrRokkomies the Basher (Meteoran Cinder Acolyte)    Turns: 6088, Time: 00:34:47

Health: -2/112     AC: 12    Str: 19    XL:     12   Next: 89%
Magic:  22/22      EV: 18    Int: 16    God:    Ignis [......]
Gold:   588        SH:  0    Dex: 12    Spells: 18/23 levels left

rFire   + . .      SeeInvis .    a - +0 morningstar (vorpal)
rCold   . . .      Faith    .    (no shield)
rNeg    . . .      Spirit   .    y - +0 swamp dragon scales
rPois   +          Reflect  .    v - +1 helmet
rElec   .          Harm     .    F - +2 cloak
rCorr   .          Rampage  .    (no gloves)
Will    +....                    (no boots)
Stlth   +.........               z - amulet of the acrobat
HPRegen 0.38/turn                c - +4 ring of evasion
MPRegen 0.18/turn                (no ring)

@: glowing, studying Earth Magic
A: sense surroundings 2, otherworldly, glowing, explore regen
a: Renounce Religion, Rising Flame


You were on level 2 of the Abyss.
You worshipped Ignis.
Ignis was noncommittal.
You visited 3 branches of the dungeon, and saw 14 of its levels.
You visited the Abyss 1 time.

You collected 588 gold pieces.

Inventory:

Hand Weapons
 a - a +0 vorpal morningstar (weapon)
 b - a +0 spear of distortion
 u - a -1 mace of flaming
 D - a +2 war axe of distortion
 H - a +1 mace of freezing
Missiles
 f - 2 javelins
 h - 26 poisoned darts (quivered)
 i - 2 throwing nets
 r - 2 curare-tipped darts
Armour
 g - an orb of light
 v - a +1 helmet (worn)
 y - +0 swamp dragon scales (worn)
 C - the +0 helmet of Quantum Leap {-Cast rF++ Will++}
   (You found it on level 7 of the Dungeon)

   rF:        It greatly protects you from fire.
   -Cast:     It prevents spellcasting.
   Will:      It greatly increases your willpower.
 E - a +2 leather armour of cold resistance
 F - a +2 cloak (worn)
Jewellery
 c - a +4 ring of evasion (left hand)
 z - an amulet of the acrobat (around neck)
Wands
 q - a wand of flame (8)
 w - a wand of paralysis (28)
 I - a wand of mindburst (13)
Scrolls
 n - 2 scrolls of fear
 s - a scroll of magic mapping
 A - 7 scrolls of identify
 G - a scroll of brand weapon
 M - a scroll of fog
Potions
 d - 2 potions of berserk rage {unknown}
 e - 2 potions of curing
 j - a potion of magic
 k - 2 potions of cancellation {unknown}
 l - 3 potions of resistance {unknown}
 m - 2 potions of attraction
 t - a potion of haste {unknown}
 x - 2 potions of invisibility
 B - 2 potions of mutation {unknown}
 J - a potion of ambrosia {unknown}
 L - a potion of lignification {unknown}
Miscellaneous
 p - a lightning rod (1/4)


   Skills:
 - Level 12.0 Fighting
 - Level 14.0 Maces & Flails
 + Level 9.9 Dodging
 - Level 6.0 Spellcasting
 + Level 4.4 Conjurations
 - Level 7.3 Fire Magic
 * Level 9.3 Earth Magic


You had 18 spell levels left.
You knew the following spells:

 Your Spells              Type           Power      Damage    Failure   Level
a - Scorch                Fire           56%        2d7       1%          2
b - Stone Arrow           Conj/Erth      52%        3d10      4%          3

Your spell library contained the following spells:

 Spells                   Type           Power      Damage    Failure   Level
 Sandblast                Erth           68%        2d15      1%          1
 Passwall                 Tmut/Erth      15%        N/A       5%          2
 Ensorcelled Hibernation  Hex/Ice        8%         N/A       34%         2
 Animate Armour           Summ/Erth      38%        N/A       34%         4
 Portal Projectile        Hex/Tloc       8%         N/A       56%         3
 Swiftness                Air            4%         N/A       56%         3
 Tukima's Dance           Hex            4%         N/A       56%         3
 Blade Hands              Tmut           2%         N/A       100%        5
 Lehudib's Crystal Spear  Conj/Erth      13%        10d4      100%        8


Dungeon Overview and Level Annotations

Branches:
Dungeon (11/15) Zot: 970   Temple (1/1) D:7 Zot: 586    Lair (2/5) D:10 Zot: 975
  Snake (0/4) Lair:2          Orc (0/2) D:10
  Swamp: Lair:2-3    Shoals: Lair:2-3

Altars:
Fedhas
Gozag
Hepliaklqana
The Shining One
Jiyva

Annotations:
D:7 2 transporters, paps's ghost, novice OpSu
D:8 3 runed translucent doors, fly's ghost, novice DrDe


Innate Abilities, Weirdness & Mutations

You passively map the area around you.
You are easily found by Zot.
You glow in the dark.
You regain HP and MP as you explore.


Message History

Okay, then.
You hit the large abomination.
The large abomination is lightly damaged.
The thrashing horror tramples you.
You hold your ground!
The thrashing horror tramples you but does no damage.
The large abomination misses you.
A large abomination comes into view.
Something hits you. The thrashing horror misses you.
The thrashing horror barely misses you.
The starcursed mass shrieks in your mind.
The thrashing horror closely misses you.
The thrashing horror completely misses you.
The large abomination closely misses you.
You hit something but do no damage. Something barely misses you.
The thrashing horror tramples you!
You stumble backwards!
Unknown command.
The thrashing horror barely misses you.
The thrashing horror tramples you but does no damage.
The large abomination closely misses you.
The thrashing horror tramples you.
You stumble backwards!
Unknown command.
You bludgeon the thrashing horror!!
The thrashing horror is heavily damaged.
The thrashing horror tramples you.
You hold your ground!
The thrashing horror misses you.
The large abomination hits you but does no damage.
You closely miss the thrashing horror.
The thrashing horror is heavily damaged.
The thrashing horror tramples you.
You hold your ground!
The thrashing horror tramples you but does no damage.
The large abomination hits you!!
Unknown command.
You hit the large abomination but do no damage.
The large abomination hits you!!
* * * LOW HITPOINT WARNING * * *
You hit the large abomination but do no damage.
The starcursed mass shrieks in your mind.
* * * LOW HITPOINT WARNING * * *
The large abomination hits you!
You die...

.#.##.##.##
# #...# ###
..
##..X##.#
## ### .
.### #.
#.#.#
###..#.#
#X#...#..
##X#X# ..
#.X@# #
#####


You could see a starcursed mass, a thrashing horror and 2 large abominations.

Vanquished Creatures
  A hydra (Lair:2)
  A catoblepas (D:10)
  A two-headed ogre (D:9)
  A death yak (Lair:1)
  A manticore (D:10)
  An elephant (Lair:2)
  A smoke demon (Abyss:2)
  Maggie (D:9)
  A rime drake (Lair:1)
  2 trolls
  A hornet (D:7)
  Grinder (D:3)
  5 blink frogs (Lair:2)
  19 yaks
  A wraith (D:10)
  4 wyverns
  Grum (D:9)
  5 steam dragons
  2 nagas (Lair:2)
  2 acid dragons
  7 water moccasins
  4 orc warriors
  2 sky beasts (D:7)
  5 ice beasts
  3 wolves (D:9)
  An ogre (D:5)
  2 centaurs (D:6)
  A phantom (D:4)
  3 bullfrogs
  6 kobold brigands
  3 scorpions
  2 necrophages
  5 wights (D:8)
  A small abomination (Abyss:2)
  9 killer bees
  3 howler monkeys
  A quasit (D:8)
  A gnoll bouda (D:8)
  5 orc priests
  2 hounds
  Jessica (D:3)
  Ijyb (D:3)
  2 iguanas
  7 orc wizards
  5 adders
  14 gnolls
  2 shadow imps
  An ufetubus (D:6)
  A worm (D:2)
  17 orcs
  2 endoplasms
  2 giant cockroaches
  6 goblins
  5 hobgoblins
  2 jackals (D:4)
  3 quokkas
  3 ball pythons
  3 bats
  6 frilled lizards
  2 goblin skeletons (D:8)
  A goblin zombie (D:8)
  2 hobgoblin zombies (D:8)
  49 kobolds
  A kobold skeleton (D:8)
  2 rats (D:2)
258 creatures vanquished.

Vanquished Creatures (others)
  A scorpion (D:7)
  56 foxfires
  4 fungi
  10 plants (D:10)
71 creatures vanquished.

Grand Total: 329 creatures vanquished

Notes
Turn   | Place    | Note
-------+----------+-------------------------------------------
     0 | D:1      | MrRokkomies the Meteoran Cinder Acolyte began the quest for
                  | the Orb.
     0 | D:1      | Reached XP level 1. HP: 19/19 MP: 3/3
    32 | D:1      | Found a faded altar of an unknown god.
   128 | D:1      | Reached XP level 2. HP: 26/26 MP: 3/5
   155 | D:1      | Learned a level 2 spell: Scorch
   413 | D:2      | Reached skill level 1 in Dodging
   413 | D:2      | Reached XP level 3. HP: 16/33 MP: 6/6
   694 | D:3      | Noticed Ijyb
   803 | D:3      | Noticed Jessica
   809 | D:3      | Killed Jessica
   810 | D:3      | Reached XP level 4. HP: 40/40 MP: 0/8
   934 | D:3      | Paralysed by Ijyb for 5 turns
   966 | D:2      | Reached skill level 5 in Maces & Flails
  1051 | D:3      | Reached XP level 5. HP: 46/46 MP: 2/9
  1059 | D:3      | Paralysed by Ijyb for 5 turns
  1066 | D:3      | Paralysed by Ijyb for 3 turns
  1080 | D:3      | Killed Ijyb
  1559 | D:3      | Noticed Grinder
  1565 | D:3      | Killed Grinder
  1566 | D:3      | Reached skill level 5 in Fighting
  1566 | D:3      | Reached skill level 6 in Maces & Flails
  1566 | D:3      | Reached XP level 6. HP: 56/56 MP: 0/11
  1566 | D:3      | Reached XP level 7. HP: 61/61 MP: 0/12
  1815 | D:4      | Reached skill level 7 in Maces & Flails
  1856 | D:4      | Reached XP level 8. HP: 69/70 MP: 12/14
  2201 | D:5      | Entered Level 5 of the Dungeon
  2391 | D:5      | Reached skill level 8 in Maces & Flails
  2673 | D:6      | Noticed a steam dragon
  2680 | D:6      | Killed a steam dragon
  2681 | D:6      | Gained mutation: You passively map the area around you.
                  | [Meteoran growth]
  2681 | D:6      | Reached XP level 9. HP: 72/79 MP: 10/17
  2783 | D:6      | Reached skill level 5 in Spellcasting
  2785 | D:6      | Reached skill level 9 in Maces & Flails
  2792 | D:6      | Reached skill level 5 in Dodging
  3082 | D:6      | Reached skill level 10 in Maces & Flails
  3221 | D:7      | Noticed a hornet
  3236 | D:7      | Killed a hornet
  3237 | D:7      | Reached XP level 10. HP: 73/90 MP: 2/20
  3289 | D:7      | Found a staircase to the Ecumenical Temple.
  3297 | Temple   | Entered the Ecumenical Temple
  3339 | D:7      | Found a transporter.
  3339 | D:7      | Noticed a manticore
  3350 | D:7      | Found an opulent altar of Gozag.
  3402 | D:7      | Identified the +0 helmet of Quantum Leap {-Cast rF++
                  | Will++}
  3452 | D:7      | Found a transporter.
  3490 | D:7      | Noticed paps's ghost (novice OpSu)
  3503 | D:7      | Reached skill level 11 in Maces & Flails
  3515 | D:7      | Reached skill level 5 in Fire Magic
  3708 | D:8      | Found a runed translucent gate.
  3708 | D:8      | Found a runed translucent gate.
  3763 | D:8      | Noticed fly's ghost (novice DrDe)
  3764 | D:8      | Found a runed translucent gate.
  3770 | D:8      | Found a viscous altar of Jiyva.
  3965 | D:8      | Reached skill level 10 in Fighting
  3995 | D:8      | Reached XP level 11. HP: 59/99 MP: 1/21
  4000 | D:8      | Reached skill level 12 in Maces & Flails
  4110 | D:8      | Found a hazy altar of Hepliaklqana.
  4279 | D:8      | Found a glowing golden altar of the Shining One.
  4570 | D:9      | Noticed Maggie
  4586 | D:9      | Killed Maggie
  4674 | D:9      | Noticed a two-headed ogre
  4684 | D:9      | Killed a two-headed ogre
  4790 | D:9      | Noticed a centaur warrior
  4809 | D:9      | Noticed Grum
  4826 | D:9      | Reached skill level 13 in Maces & Flails
  4843 | D:9      | Killed Grum
  4956 | D:10     | Entered Level 10 of the Dungeon
  4956 | D:10     | You fall into a shaft and drop 1 floor!
  5201 | D:10     | Reached XP level 12. HP: 49/110 MP: 22/22
  5208 | D:10     | Found a staircase to the Lair.
  5289 | D:10     | Learned a level 3 spell: Stone Arrow
  5469 | D:10     | Reached skill level 1 in Earth Magic
  5526 | D:10     | Found a staircase to the Orcish Mines.
  5532 | D:10     | Reached skill level 1 in Conjurations
  5549 | D:10     | Noticed a catoblepas
  5572 | D:10     | Killed a catoblepas
  5573 | D:10     | Reached skill level 14 in Maces & Flails
  5684 | Lair:1   | Entered Level 1 of the Lair of Beasts
  5703 | Lair:1   | Noticed a death yak
  5707 | Lair:1   | Noticed a death yak
  5710 | Lair:1   | Reached skill level 5 in Earth Magic
  5713 | Lair:1   | Noticed a death yak
  5716 | Lair:1   | Killed a death yak
  5848 | Lair:2   | HP: 5/112 [blink frog (8)]
  5878 | Lair:2   | Noticed an eight-headed hydra
  5880 | Lair:2   | Found a staircase to the Snake Pit.
  5893 | Lair:2   | Killed an eight-headed hydra
  5923 | Abyss:2  | Cast into level 2 of the Abyss (unwielding a weapon of
                  | distortion)
  6048 | Abyss:2  | Noticed a Hell Sentinel
  6068 | Abyss:2  | Noticed a starcursed mass
  6070 | Abyss:2  | Noticed a thrashing horror
  6088 | Abyss:2  | Slain by a large abomination

Illustrated notes

Levels and vault maps discovered:
D:1:      lemuel_arrival_funnel, layout_basic,
          shapermc_ecumenical_altar_acropolis
D:2:      layout_basic
D:3:      layout_basic, minmay_misc_feat_square, uniq_grinder, uniq_ijyb,
          uniq_jessica
D:4:      minmay_goblin_kobold_castle, layout_cave_pods, serial_shops,
          kennysheep_mini_moat
D:5:      layout_gridville, tgw_kikubaaqudgha
D:6:      layout_rooms, minmay_manual_mares
D:7:      layout_cave_pools, grunt_gozag_breadcrumbs,
          minmay_temple_entry_junction, nzn_ghost_randoct
D:8:      layout_basic, lemuel_coloured_pillars_altar,
          nicolae_tso_besieged_by_evil, gammafunk_ghost_ooze, sigmund_army
D:9:      layout_gridville, minmay_variable_closet, wad_dig_loot, uniq_maggie,
          uniq_grum
D:10:     minmay_chambers_of_sixes, layout_layer_cave, minitemple,
          minmay_lair_entry_grove, orc_0_dummy, serial_shops,
          nicolae_lakefront_shop
D:11:     layout_basic, enter_trove_5, ebering_ghost_reflecting_pool
Temple:   nicolae_temple_figure_eight
Lair:1:   layout_gridlike, gammafunk_ghost_abyssal_escape
Lair:2:   layout_layer_cave, elwin_shoals_entry_rocks,
          minmay_snake_entry_guardpost_small, basic_altar
Abyss:2:  base: D:15, grunt_abyss_exit_deep_breaths

Skill      XL: |  1  2  3  4  5  6  7  8  9 10 11 12 |
---------------+-------------------------------------+-----
Dodging        | 1 2 3 4 5 7 8 9 |  9.9
Fighting       | 4 5 7 8 10 11 12 | 12.0
Spellcasting   | 2 3 4 6 |  6.0
Maces & Flails | 5 6 7 8 10 11 13 14 | 14.0
Fire Magic     | 4 5 7 |  7.3
Earth Magic    | 9 |  9.3
Conjurations   | 4 |  4.4

Action                   |  1- 3 |  4- 6 |  7- 9 | 10-12 || total
-------------------------+-------+-------+-------+-------++-------
Melee: Mace              |    61 |    49 |   177 |   214 ||   501
       Punch             |     1 |       |     3 |     6 ||    10
       Morningstar       |       |       |       |   321 ||   321
Throw: Dart              |     3 |     3 |     5 |    17 ||    28
 Cast: Scorch            |     4 |     9 |    65 |    79 ||   157
Invok: Fiery Armour      |       |     1 |     5 |     3 ||     9
       Foxfire Swarm     |       |       |     1 |     2 ||     3
Evoke: Wand              |       |     1 |       |     4 ||     5
       Lightning rod     |       |       |       |     4 ||     4
  Use: Scroll            |     9 |       |     5 |     5 ||    19
       Potion            |       |       |     3 |     3 ||     6
Armor: Robe              |    15 |       |       |       ||    15
       Ring mail         |     5 |    18 |   123 |    26 ||   172
       Leather armour    |       |       |       |    97 ||    97
       Steam dragon scal |       |       |       |    18 ||    18
       Swamp dragon scal |       |       |       |    84 ||    84
Dodge: Dodged            |    24 |    25 |   128 |   593 ||   770

Table legend: (Time is in decaauts)
 A = Elapsed time spent in this place.
 B = Non-inter-level travel time spent in this place.
 C = Inter-level travel time spent in this place.
 D = Time resting spent in this place.
 E = Time spent auto-exploring this place.
 F = Levels seen in this place.
 G = Mean time per level.
                   A        B        C        D        E       F      G
               +--------+--------+--------+--------+--------+-----+--------+
         Total |   6029 |   5656 |    373 |     13 |   1446 |  15 |  401.9 |
       Dungeon |   5629 |   5257 |    372 |     13 |   1446 |  11 |  511.7 |
        Temple |     13 |     13 |      0 |      0 |      0 |   1 |   13.0 |
          Lair |    224 |    224 |      0 |      0 |      0 |   2 |  112.0 |
         Abyss |    161 |    161 |      0 |      0 |      0 |   1 |  161.0 |
               +--------+--------+--------+--------+--------+-----+--------+

Top non-repeatable levels by time:
     D:3: 958 daAuts
     D:8: 705 daAuts
    D:10: 670 daAuts
     D:9: 622 daAuts
     D:4: 541 daAuts
     D:6: 514 daAuts
     D:5: 471 daAuts
     D:2: 452 daAuts
     D:7: 380 daAuts
     D:1: 283 daAuts
 Abyss:2: 161 daAuts
  Lair:2: 125 daAuts
  Lair:1: 99 daAuts
    D:11: 27 daAuts
  Temple: 13 daAuts
